 Dungeon Crawl Stone Soup version 0.13.1-27-ga479965 (webtiles) character file.

190 shayol the Shield-Bearer (level 5, -5/42 HPs)
             Began as a Human Fighter on Feb 2, 2014.
             Slain by Sigmund
             ... wielding a +0,+2 scythe
              (8 damage)
             ... on Level 3 of the Dungeon.
             The game lasted 00:36:54 (3664 turns).

shayol the Shield-Bearer (Human Fighter)            Turns: 3664, Time: 00:36:54

HP  -5/42        AC  9     Str 17      XL: 5   Next: 20%
MP   4/4         EV  4     Int  9      God:
Gold 74          SH  0     Dex 12      Spells:  0 memorised,  4 levels left

Res.Fire  : + . .   See Invis. : .   a - +0 short sword
Res.Cold  : . . .   Warding    : .   g - +0 chain mail {rF+}
Life Prot.: . . .   Conserve   : .   c - +0 shield
Res.Poison: .       Res.Corr.  : .   (no helmet)
Res.Elec. : .       Clarity    : .   (no cloak)
Sust.Abil.: . .     Spirit.Shd : .   (no gloves)
Res.Mut.  : .       Stasis     : +   (no boots)
Res.Rott. : .       Flight     : .   p - amulet of stasis
Saprovore : . . .                    (no ring)
                                     (no ring)

@: confused, slightly resistant to hostile enchantments, extremely unstealthy
A: no striking features
a: no special abilities


You were on level 3 of the Dungeon.
You were not hungry.

You visited 1 branch of the dungeon, and saw 4 of its levels.

You collected 54 gold pieces.

Inventory:

Hand weapons
 a - a +0,+0 short sword (weapon)
 r - a cursed -3,-3 mace
Armour
 b - a +0 scale mail
 c - a +0 shield (worn)
 g - a +0 chain mail of fire resistance (worn)
Comestibles
 d - a bread ration
Scrolls
 f - a scroll of teleportation {unknown}
 i - a scroll of noise {unknown}
 j - 3 scrolls of remove curse {unknown}
 l - a scroll of curse armour {unknown}
 m - a scroll of fear {unknown}
 o - 3 scrolls of curse jewellery {unknown}
 q - 2 scrolls of identify {unknown}
Jewellery
 p - an amulet of stasis (around neck)
Potions
 e - a potion of speed {unknown}
 h - a potion of beneficial mutation {unknown}
 k - a potion of might {unknown}
 n - a potion of agility {unknown}


   Skills:
 + Level 3.3 Fighting
 + Level 2.4 Short Blades
 + Level 3.4 Armour
 + Level 1.5 Dodging
 + Level 4.3 Shields


You had 4 spell levels left.
You didn't know any spells.

Dungeon Overview and Level Annotations

Branches:
Dungeon (4/27)
 Temple: D:4-7

Altars:
Xom

Annotations:
D:3 Sigmund


Message History

Your chain mail prevents you from hitting the orc wizard.
The orc wizard is lightly wounded.
The orc wizard points at you and mumbles some strange words.
You resist.
You hear some strange, mumbled words.
Something tries to affect you, but you resist.
You hit it. It hits you.
* * * LOW HITPOINT WARNING * * *
The orc wizard hits you but does no damage.
You hit it but do no damage. You block the orc wizard's attack. It hits you.
* * * LOW HITPOINT WARNING * * *
You hit it but do no damage.
The orc wizard hits you but does no damage.
Your chain mail prevents you from hitting it.
You hear some strange, mumbled words.
You are confused.
The orc wizard hits you with an orcish dagger.
* * * LOW HITPOINT WARNING * * *
Ouch! It hits you!
You die...

#.#♣♣.♣♣#.# ..#
#.##♣.♣##.# ###
#.###.###.#
#.....##.##
####.###.# # #.#
#.# .# #.###.##
#.#####
#.##..>###........
#..%...{@o..#
####...###.##
##.## .#
##.%(###.###
#...........
#....###.###
#.#.## .# #.#.##
.# ##?...###.##


You could see an orc wizard.

Vanquished Creatures
  A giant mite (D:1)
  4 adders
  2 oozes
  A giant gecko (D:1)
  4 giant cockroaches
  7 goblins
  10 hobgoblins
  2 ball pythons
  6 bats
  3 giant newts (D:1)
  11 jackals
  7 kobolds
  8 rats
  3 plants (D:1)
69 creatures vanquished.

Notes
Turn   | Place    | Note
--------------------------------------------------------------
     0 | D:1      | shayol, the Human Fighter, began the quest for the Orb.
     0 | D:1      | Reached XP level 1. HP: 18/18 MP: 0/0
   131 | D:1      | Reached XP level 2. HP: 10/24 MP: 1/1
   551 | D:1      | Reached XP level 3. HP: 26/30 MP: 2/2
  1306 | D:1      | Reached skill level 1 in Dodging
  1716 | D:1      | Reached XP level 4. HP: 36/36 MP: 3/3
  1952 | D:2      | Reached skill level 4 in Shields
  2431 | D:2      | Found a shimmering altar of Xom.
  2858 | D:2      | Reached XP level 5. HP: 42/42 MP: 4/4
  3324 | D:3      | Noticed Sigmund
  3349 | D:3      | HP: 2/42 [Sigmund/puff of flame (5)]
  3664 | D:3      | Slain by Sigmund

Action                   |  1- 3 |  4- 6 || total
-------------------------+-------+-------++-------
Melee: Short sword       |   403 |   224 ||   627
